AoeStats
← DRx5837

Hideout

509908677Analyzed
1v1 RM · 3d ago on Sep 28, 2026· 49m 1s· 2 players
Game mode
Random Map
Map size
Tiny (2 player)
Population
200
Speed
Normal
Resources
Standard
Victory
Conquest
Starting age
Dark Age
Ending age
Imperial Age
RankedLock teamsTeams togetherTeam positionsShared explorationLock speedFull tech treeHidden civsTurbo modeCheats
Victory
Defeat
🇲🇽 Poles · Mexico
1416
+13
🇨🇭 Berbers · Switzerland
1346
-13
vakli
10:16 Feudal Age
14:29 Castle Age
13:07 Horse Collar
15:14 Heavy Plow
17:45 Double-Bit Axe
18:05 Loom
18:38 Bow Saw
19:03 Town Watch
21:19 Wheelbarrow
25:14 Scale Mail Armor
27:59 Imperial Age
27:18 Chain Mail Armor
29:13 Plate Mail Armor
28:18 Capped Ram
29:33 Conscription
30:20 Siege Ram
32:14 Crop Rotation
32:28 Elite Obuch
33:30 Squires
34:13 Forging
34:28 Light Cavalry
35:18 Bloodlines
35:21 Winged Hussar
36:02 Husbandry
36:44 Scale Barding Armor
38:11 Lechitic Legacy
40:20 Iron Casting
42:24 Blast Furnace
42:34 Chain Barding Armor
43:33 Hand Cart
DRx5837
10:59 Feudal Age
15:14 Castle Age
13:16 Loom
14:11 Double-Bit Axe
14:10 Horse Collar
16:44 Bow Saw
20:07 Wheelbarrow
19:24 Town Watch
22:06 Fletching
25:18 Ballistics
26:58 Hand Cart
27:13 Bodkin Arrow
27:58 Husbandry
28:58 Scale Barding Armor
31:32 Imperial Age
29:31 Kasbah
29:30 Gold Mining
29:30 Stone Mining
30:34 Padded Archer Armor
31:35 Gold Shaft Mining
31:20 Bloodlines
31:56 Leather Archer Armor
31:59 Town Patrol
31:57 Light Cavalry
33:03 Bracer
34:05 Chemistry
33:53 Chain Barding Armor
36:45 Ring Archer Armor
36:51 Plate Barding Armor
36:27 Forging
35:51 Hussar
36:49 Elite Camel Archer
41:43 Iron Casting
43:31 Conscription
44:35 Blast Furnace
45:11 Hoardings
47:28 Heavy Camel Rider
Connection lost

Rejoining the realm…

Still unreachable

The connection could not be restored.

Session expired

The server has moved on; the page needs a fresh start.